 Dungeon Crawl Stone Soup version 0.14-a0-1613-gd720e3e (webtiles) character file.

126 M4edhros the Shooter (level 4, -2/27 HPs)
             Began as an Octopode Wanderer on Dec 24, 2013.
             Slain by a gnoll
             ... wielding a +0,+0 spear
              (4 damage)
             ... while paralysed by a potion of paralysis
             ... on Level 2 of the Dungeon.
             The game lasted 00:01:29 (900 turns).

M4edhros the Shooter (Octopode Wanderer)             Turns: 900, Time: 00:01:29

HP  -2/27        AC  1     Str 10      XL: 4   Next: 38%
MP  10/10        EV  2     Int 16      God:
Gold 47          SH  0     Dex 11      Spells:  1 memorised,  8 levels left

rFire  . . .     SeeInvis .     a - +2 bow
rCold  . . .     Clarity  .     (no shield)
rNeg   . . .     Conserve .     (helmet restricted)
rPois  .         rCorr    .     (no amulet)
rElec  .         rRot     .     (no ring)
SustAb . .       Spirit   .     (no ring)
rMut   .         Warding  .     (no ring)
Saprov . . .     Stasis   .     (no ring)
                                (no ring)
                                (no ring)
                                (no ring)
                                (no ring)

@: paralysed, slightly resistant to hostile enchantments, fairly stealthy
A: almost no armour, amphibious, 8 rings, constrict 8, camouflage 1, gelatinous
body 1
a: no special abilities


You were on level 2 of the Dungeon.
You were not hungry.

You visited 1 branch of the dungeon, and saw 2 of its levels.

You collected 47 gold pieces.

Inventory:

Hand weapons
 a - a +2,+2 bow (weapon)
Missiles
 c - 25 arrows (quivered)
Comestibles
 d - a bread ration
 f - 11 strawberries
 g - 11 sultanas
Scrolls
 b - a scroll of curse weapon {unknown}
 e - a scroll of remove curse {unknown}
 i - a scroll of curse jewellery {unknown}
 j - a scroll of enchant armour {unknown}
Potions
 h - a potion of paralysis


   Skills:
 + Level 5.0 Bows
   Level 1.0 Shields
 - Level 3.0 Spellcasting
   Level 1.0 Ice Magic
   Level 1.0 Earth Magic
   Level 1.1 Evocations


You had 8 spell levels left.
You knew the following spells:

 Your Spells              Type           Power        Failure   Level  Hunger
a - Summon Small Mammal   Summ           #...         21%         1    #......


Dungeon Overview and Level Annotations

Branches:
Dungeon (2/16)

Altars:
Ashenzari
Trog


Innate Abilities, Weirdness & Mutations

You cannot wear most types of armour.
You are amphibious.
You can wear up to eight rings at the same time.
You can use your tentacles to constrict many enemies at once.
Your skin changes colour to match your surroundings (Stlth).
Your rubbery body absorbs attacks (AC +1).


Message History

Firing (i - inventory):
c - 27 arrows (quivered)
Press: ? - help, Shift-Dir - straight line, f/p - gnoll
Aim: a gnoll, wielding a glowing flail (almost dead)
You shoot an arrow. The arrow hits the gnoll.
You kill the gnoll!
Your Bows skill increases to level 5!
The gnoll completely misses you.
Firing (i - inventory):
c - 26 arrows (quivered)
Press: ? - help, Shift-Dir - straight line, f - gnoll
Aim: a gnoll, wielding a spear You shoot an arrow.
The arrow misses the gnoll.
The gnoll hits you from afar with a spear!
* * * LOW HITPOINT WARNING * * *
You are too injured to fight recklessly!
You are too injured to fight recklessly!
Drink which item? (? for menu, Esc to quit)
You suddenly lose the ability to move!
It was a potion of paralysis.
The gnoll completely misses you.
The gnoll hits you from afar with a spear.
You die...

#.######.. #.# #.. #.#
### . #.# ((. #.# .((.
#.# ..(.(##########.#
...(..g(.........########
(...(.()@>...........>...
#########################
## #. ## # # #


You could see a gnoll.

Vanquished Creatures
  2 adders (D:2)
  3 gnolls (D:2)
  A worm (D:2)
  6 bats (D:1)
  A goblin (D:1)
  5 hobgoblins
  4 kobolds
  A ball python (D:2)
  2 giant newts
  5 rats (D:1)
30 creatures vanquished.

Notes
Turn   | Place    | Note
--------------------------------------------------------------
     0 | D:1      | M4edhros, the Octopode Wanderer, began the quest for the Orb.
     0 | D:1      | Reached XP level 1. HP: 11/11 MP: 5/5
    91 | D:1      | Reached XP level 2. HP: 15/17 MP: 7/7
   450 | D:2      | Reached skill level 4 in Bows
   450 | D:2      | Reached XP level 3. HP: 21/21 MP: 8/8
   692 | D:2      | Found a bloodstained altar of Trog.
   693 | D:2      | Found a shattered altar of Ashenzari.
   887 | D:2      | Reached XP level 4. HP: 27/27 MP: 10/10
   897 | D:2      | Reached skill level 5 in Bows
   899 | D:2      | Paralysed by a potion of paralysis for 3 turns
   900 | D:2      | Slain by a gnoll

Action                   |  1- 3 |  4- 6 || total
-------------------------+-------+-------++-------
 Fire: Bow               |    71 |    11 ||    82
  Use: Potion            |       |     1 ||     1
